 Dungeon Crawl Stone Soup version 0.29-a0-397-g846e4a0bbc (webtiles) character file.

Game seed: 2392104609516561058

2806 avis the Cleaver (level 9, -2/127 HPs)
             Began as a Hill Orc Monk on May 12, 2022.
             Was a Follower of Beogh.
             Slain by a human
             ... wielding a +0 war axe
              (5 damage)
             ... in a bailey.
             The game lasted 00:48:04 (9576 turns).

avis the Cleaver (Hill Orc Monk)                    Turns: 9576, Time: 00:48:06

Health: -2/127     AC: 24    Str: 18    XL:     9   Next: 72%
Magic:  9/9        EV:  2    Int: 10    God:    Beogh [*.....]
Gold:   402        SH:  0    Dex: 13    Spells: 8/8 levels left

rFire   . . .      SeeInvis .   a - +0 hand axe (flame)
rCold   . . .      Faith    .   (no shield)
rNeg    . . .      Spirit   .   (body armour currently unavailable)
rPois   +          Reflect  +   (helmet currently unavailable)
rElec   .          Harm     .   (cloak currently unavailable)
rCorr   .          Rampage  .   (gloves currently unavailable)
Will    .....      NoTele   +   (boots currently unavailable)
Stlth   +.........              L - amulet of reflection
HPRegen 0.31/turn               (no ring)
MPRegen 0.11/turn               (no ring)

@: confused, tree-form, ambrosia-drunk, hasted, very quick
A: stationary, stasis, torment immunity, boosted hp
a: Renounce Religion


You were in a bailey.
You worshipped Beogh.
Beogh was aware of your devotion.
You were a tree.
You visited 2 branches of the dungeon, and saw 8 of its levels.
You also visited: Bailey.

You collected 446 gold pieces.
You spent 44 gold pieces at shops.

Inventory:

Hand Weapons
 a - a +0 hand axe of flaming (weapon)
 b - a +1 battleaxe
Missiles
 g - 172 stones
 o - 2 throwing nets
 t - 9 poisoned darts (quivered)
 D - 2 javelins
 G - 5 boomerangs
Armour
 d - a scarf of invisibility (melded)
 e - a +3 leather armour
 i - a +0 helmet (melded)
 F - a +2 pair of gloves (melded)
 P - a +3 scale mail (melded)
Jewellery
 L - an amulet of reflection (around neck)
Wands
 M - a wand of paralysis (12)
Scrolls
 f - 3 scrolls of magic mapping
 j - a scroll of immolation
 l - a scroll of teleportation
 m - a scroll of amnesia
Potions
 h - 2 potions of mutation
 k - 2 potions of flight
 n - 4 potions of lignification
 r - 3 potions of might
 x - a potion of haste
 z - a potion of cancellation
 B - 2 potions of degeneration
 K - a potion of invisibility {unknown}
 N - a potion of attraction {unknown}


   Skills:
 + Level 9.8 Fighting
 * Level 14.2 Axes
 - Level 2.4 Dodging
 - Level 1.5 Stealth


You had 8 spell levels left.
You didn't know any spells.
Your spell library contained the following spells:

 Spells                   Type           Power      Damage    Failure   Level
 Freeze                   Ice            0%         1d3       36%         1
 Summon Small Mammal      Summ           0%         N/A       36%         1
 Ensorcelled Hibernation  Hex/Ice        0%         N/A       50%         2
 Sublimation of Blood     Necr           0%         N/A       50%         2
 Call Canine Familiar     Summ           0%         N/A       75%         3
 Frozen Ramparts          Ice            0%         1d2       75%         3
 Spider Form              Tmut/Pois      0%         N/A       75%         3
 Summon Guardian Golem    Hex/Summ       0%         N/A       75%         3
 Anguish                  Hex/Necr       0%         N/A       98%         4
 Animate Dead             Necr           0%         N/A       98%         4
 Hailstorm                Conj/Ice       0%         3d3       98%         4
 Petrify                  Tmut/Erth      0%         N/A       98%         4
 Borgnjor's Vile Clutch   Necr/Erth      0%         N/A       100%        5
 Irradiate                Conj/Tmut      0%         3d13      100%        5
 Death Channel            Necr           0%         N/A       100%        6


Dungeon Overview and Level Annotations

Branches:
Dungeon (7/15)             Temple (1/1) D:6          Bailey (1/1)

Altars:
Ashenzari
Dithmenos
Hepliaklqana
Kikubaaqudgha
Makhleb
Nemelex Xobeh
Qazlal
Ru
Trog
Uskayaw
Vehumet
Wu Jian
Xom
Yredelemnul

Shops:
D:6 *

Annotations:
D:5 deep water prevents exploration.


Message History

The vault guard hits you with a +0 broad axe.
* * * LOW HITPOINT WARNING * * *
You completely miss the vault guard.
The vault guard is moderately wounded.
You hit the human. You burn the human. The human completely misses you.
You hit the vault guard but do no damage.
The vault guard is moderately wounded.
You hit the human. You burn the human.
The vault guard hits you with a +0 broad axe!
* * * LOW HITPOINT WARNING * * *
The human hits you but does no damage.
You slash the vault guard! You burn the vault guard.
The vault guard is heavily wounded.
You closely miss the human.
You hit the vault guard but do no damage.
The vault guard is heavily wounded.
You completely miss the human.
The vault guard hits you with a +0 broad axe.
* * * LOW HITPOINT WARNING * * *
The human hits you with a +0 war axe.
* * * LOW HITPOINT WARNING * * *
You are confused.
You feel invigorated.
The vault guard hits you but does no damage.
The human hits you but does no damage.
You feel yourself speed up.
The vault guard hits you with a +0 broad axe!
* * * LOW HITPOINT WARNING * * *
The human completely misses you.
You cannot move. (Use ctrl+direction or * direction to attack while stationary and confused.)
You hit the vault guard but do no damage.
The vault guard is heavily wounded.
You barely miss the human.
You hit the vault guard but do no damage.
The vault guard is heavily wounded.
You hit the human but do no damage.
The vault guard hits you with a +0 broad axe.
* * * LOW HITPOINT WARNING * * *
The human hits you with a +0 war axe.
You die...

#.....# #.∩.∩.#
#.....######
####.).##....##
##≈≈#+#)#......##
#≈≈≈≈≈#.)..#....#
#≈≈≈≈≈#...####).#
#≈≈≈≈≈#...#.....#
##≈≈≈##...#..♣p.#
##+####..###p###
+..#≈..≈≈#
####≈..≈≈#
#≈.≈≈## ≈≈≈.≈≈#
≈≈≈≈..≈≈#
#≈≈≈≈≈..≈≈#
#≈≈≈≈F≈.≈≈≈


You could see a vault guard and a human.

Vanquished Creatures
  Prince Ribbit (Bailey)
  Grinder (D:2)
  2 humans (Bailey)
  Eustachio (D:4)
  A steam dragon (D:4)
  Menkaure (D:4)
  Duvessa (D:4)
  An ogre (D:6)
  Blork the orc (D:5)
  3 bullfrogs
  2 scorpions
  9 wights
  Dowan (D:4)
  A howler monkey (D:5)
  2 hounds (D:5)
  2 iguanas
  4 orc wizards
  Natasha (thrice) (D:3)
  9 gnolls
  4 adders (D:5)
  8 river rats (D:5)
  A shadow imp (D:6)
  A white imp (D:7)
  3 worms
  4 dart slugs
  18 orcs
  8 ball pythons
  7 endoplasms
  2 giant cockroaches (D:2)
  9 goblins
  7 hobgoblins
  5 jackals
  8 quokkas
  6 bats
  5 frilled lizards
  9 kobolds
  20 rats
171 creatures vanquished.

Vanquished Creatures (others)
  An orc wizard (D:7)
  2 fungi (D:3)
  A plant (D:3)
4 creatures vanquished.

Grand Total: 175 creatures vanquished

Notes
Turn   | Place    | Note
-------+----------+-------------------------------------------
     0 | D:1      | avis the Hill Orc Monk began the quest for the Orb.
     0 | D:1      | Reached XP level 1. HP: 19/19 MP: 1/1
    59 | D:1      | HP: 1/20 [frozen (1)]
   522 | D:1      | Reached XP level 2. HP: 24/27 MP: 2/2
   797 | D:1      | Reached skill level 5 in Axes
   845 | D:1      | Reached XP level 3. HP: 19/33 MP: 3/3
  2168 | D:1      | Reached XP level 4. HP: 17/41 MP: 4/4
  2727 | D:1      | Reached skill level 6 in Axes
  3251 | D:3      | Noticed Grinder
  3346 | D:2      | Paralysed by Grinder for 4 turns
  3356 | D:2      | Killed Grinder
  3357 | D:2      | Reached skill level 5 in Fighting
  3357 | D:2      | Reached skill level 7 in Axes
  3357 | D:2      | Reached XP level 5. HP: 13/49 MP: 5/5
  3357 | D:2      | Reached XP level 6. HP: 14/56 MP: 6/6
  3786 | D:3      | Found an ornate altar of the Wu Jian Council.
  3786 | D:3      | Found a burning altar of Makhleb.
  3792 | D:3      | Found an ancient bone altar of Kikubaaqudgha.
  3794 | D:3      | Found a bloodstained altar of Trog.
  3798 | D:3      | Found a sacrificial altar of Ru.
  3802 | D:3      | Found a shimmering altar of Xom.
  3944 | D:3      | Noticed Natasha
  3954 | D:3      | Killed Natasha
  3955 | D:3      | Reached skill level 8 in Axes
  4099 | D:3      | Found a faded altar of an unknown god.
  4325 | D:3      | Noticed Natasha
  4332 | D:3      | Killed Natasha
  4746 | D:3      | Noticed Natasha
  4754 | D:3      | Killed Natasha
  4866 | D:4      | Noticed Eustachio
  4903 | D:4      | Killed Eustachio
  4904 | D:4      | Reached skill level 9 in Axes
  4904 | D:4      | Reached XP level 7. HP: 33/64 MP: 7/7
  5455 | D:4      | Noticed a steam dragon
  5468 | D:4      | Killed a steam dragon
  5645 | D:4      | Noticed Menkaure
  5657 | D:4      | Killed Menkaure
  5658 | D:4      | Reached skill level 10 in Axes
  6097 | D:4      | Identified the +0 short sword "Pesouw" {chaos, rElec rPois
                  | Str-3 Int+4}
  6118 | D:5      | Entered Level 5 of the Dungeon
  6244 | D:5      | Reached XP level 8. HP: 60/73 MP: 8/8
  6501 | D:5      | Reached skill level 11 in Axes
  6967 | D:5      | Noticed Duvessa
  6971 | D:5      | Noticed Dowan
  6976 | D:5      | Noticed Blork the orc
  6985 | D:4      | Killed Duvessa
  6999 | D:4      | Killed Dowan
  7255 | D:5      | Killed Blork the orc
  7328 | D:5      | Found a shadowy altar of Dithmenos.
  7800 | D:6      | Found a staircase to the Ecumenical Temple.
  7945 | D:5      | Reached skill level 12 in Axes
  8017 | Temple   | Entered the Ecumenical Temple
  8057 | D:6      | Reached XP level 9. HP: 82/82 MP: 9/9
  8344 | D:6      | Found Qeudgh's General Store.
  8383 | D:6      | Reached skill level 13 in Axes
  8639 | D:6      | Bought a scroll of identify for 22 gold pieces
  8639 | D:6      | Bought a scroll of identify for 22 gold pieces
  9200 | D:7      | Became a worshipper of Beogh the Brigand
  9200 | D:7      | Reached * piety under Beogh
  9200 | D:7      | Reached ** piety under Beogh
  9217 | D:7      | Found a hide-covered altar of Uskayaw.
  9230 | D:7      | Found a flagged portal.
  9242 | Bailey   | Entered a bailey
  9520 | Bailey   | Noticed a vault guard
  9521 | Bailey   | Noticed Prince Ribbit
  9541 | Bailey   | Killed Prince Ribbit
  9542 | Bailey   | Reached skill level 14 in Axes
  9574 | Bailey   | HP: 1/127 [vault guard/+0 broad axe (16)]
  9576 | Bailey   | Slain by a human

Illustrated notes

Levels and vault maps discovered:
D:1:      heliophobic_arrival_ceremonial_halls, layout_loops_ring,
          bh_walls_and_bars
D:2:      layout_basic, kennysheep_minor_cross
D:3:      layout_loops_corners, nicolae_overflow_hallway_of_the_gods,
          shapermc_ecumenical_altar_acropolis, minmay_misc_feat_roman,
          uniq_natasha, uniq_grinder
D:4:      layout_basic, uniq_menkaure, uniq_eustachio
D:5:      lemuel_ratsnest, layout_cave_pools, nicolae_dithmenos_the_darkroom,
          serial_rivers, chequers_serial_rivers_small_a,
          chequers_serial_rivers_large_b, chequers_serial_rivers_large_a,
          chequers_serial_rivers_marsh, chequers_serial_rivers_small_b,
          chequers_serial_rivers_small_b, uniq_blork_the_orc, uniq_duvessa
D:6:      layout_loops_ring, minmay_temple_entry_ruins, serial_shops,
          nicolae_diamond_shop, chequers_serial_rivers_marsh
D:7:      layout_layer_cave, lemuel_round_altar, mainiacjoe_overflow_chevrons,
          enter_bailey_2, kennysheep_donut, minivault_11
Temple:   eino_temple_lava
Bailey:   bailey_axe_froggy_fort_hellmonk, bailey

Skill      XL: |  1  2  3  4  5  6  7  8  9 |
---------------+----------------------------+-----
Fighting       | 4 5 6 7 8 9 |  9.8
Axes           | 5 7 9 10 12 14 | 14.2
Dodging        | |  2.4
Stealth        | |  1.5

Action                   |  1- 3 |  4- 6 |  7- 9 || total
-------------------------+-------+-------+-------++-------
Melee: Hand axe          |    50 |    18 |   180 ||   248
       Dagger            |    41 |   118 |    16 ||   175
       Punch             |       |     2 |     8 ||    10
       Rapier            |       |       |     6 ||     6
       War axe           |       |       |   260 ||   260
Throw: Dart              |       |       |     9 ||     9
Invok: Smiting           |       |       |     1 ||     1
       Convert to Beogh  |       |       |     1 ||     1
  Use: Scroll            |       |       |    17 ||    17
       Potion            |       |       |     5 ||     5
 Stab: Sleeping          |     5 |       |       ||     5
Armor: Robe              |     7 |       |       ||     7
       Scale mail        |    11 |    25 |   155 ||   191
       Chain mail        |       |    26 |    29 ||    55
       Skin              |       |       |    10 ||    10
Dodge: Dodged            |    45 |    63 |   148 ||   256
Block: Other             |       |       |    27 ||    27

Table legend: (Time is in decaauts)
 A = Elapsed time spent in this place.
 B = Non-inter-level travel time spent in this place.
 C = Inter-level travel time spent in this place.
 D = Time resting spent in this place.
 E = Time spent auto-exploring this place.
 F = Levels seen in this place.
 G = Mean time per level.
                   A        B        C        D        E       F      G
               +--------+--------+--------+--------+--------+-----+--------+
         Total |   9580 |   8808 |    772 |   3410 |   3301 |   9 | 1064.4 |
       Dungeon |   9250 |   8479 |    771 |   3238 |   3301 |   7 | 1321.4 |
        Temple |     35 |     34 |      1 |      0 |      0 |   1 |   35.0 |
        Bailey |    294 |    294 |      0 |    172 |      0 |   1 |  294.0 |
               +--------+--------+--------+--------+--------+-----+--------+

Top non-repeatable levels by time:
     D:1: 2315 daAuts
     D:4: 1659 daAuts
     D:5: 1517 daAuts
     D:3: 1273 daAuts
     D:2: 1235 daAuts
     D:6: 1153 daAuts
  Bailey: 294 daAuts
     D:7: 95 daAuts
  Temple: 35 daAuts
